 Dungeon Crawl Stone Soup version 0.28-a0-1199-gef9e1dbd39 (webtiles) character file.

Game seed: 4652526197326492331

1 elagabalus the Grave Robber (level 1, -1/13 HPs)
             Began as a Demonspawn Necromancer on Dec 19, 2021.
             Slain by a jackal (2 damage)
             ... on level 1 of the Dungeon.
             The game lasted 00:00:55 (22 turns).

elagabalus the Grave Robber (Demonspawn Necromancer)  Turns: 22, Time: 00:00:56

Health: -1/13      AC:  2    Str:  8    XL:     1   Next: 16%
Magic:  0/3        EV: 12    Int: 16    God:
Gold:   0          SH:  0    Dex: 13    Spells: 3/4 levels left

rFire   . . .      SeeInvis .   (no weapon)
rCold   . . .      Faith    .   (no shield)
rNeg    . . .      Spirit   .   a - +0 robe
rPois   .          Reflect  .   (no helmet)
rElec   .          Harm     .   (no cloak)
rCorr   .          Rampage  .   (no gloves)
Will    .....                   (no boots)
Stlth   ++........              (no amulet)
HPRegen 0.04/turn               (no ring)
MPRegen 0.08/turn               (no ring)

@: no status effects
A: no striking features
a: no special abilities


You were on level 1 of the Dungeon.
You visited 1 branch of the dungeon, and saw 1 of its levels.

Inventory:

Armour
 a - a +0 robe (worn)


   Skills:
 * Level 1.8 Dodging
 * Level 1.8 Stealth
 - Level 2.0 Spellcasting
 - Level 4.3 Necromancy


You had 3 spell levels left.
You knew the following spells:

 Your Spells              Type           Power      Damage    Failure   Level
a - Pain                  Necr           60%        1d7       3%          1

Your spell library contained the following spells:

 Spells                   Type           Power      Damage    Failure   Level
 Animate Skeleton         Necr           30%        N/A       3%          1
 Vampiric Draining        Necr           15%        2d7       11%         3
 Animate Dead             Necr           7%         N/A       34%         4
 Agony                    Necr           15%        N/A       67%         5


Dungeon Overview and Level Annotations

Branches:
Dungeon (1/15)

Altars:


Message History

Press: ? - help, Shift-Dir - straight line, f - quokka
Aim: a quokka (chance to affect: 85%)
The quokka writhes in agony.
A ball python comes into view.
A jackal comes into view.
An endoplasm comes into view.
Casting: Pain (safe; 3% risk of failure)
Confirm with . or Enter, or press ? or * to list all spells.
Aiming: Pain (safe; 3% risk of failure)
Press: ? - help, Shift-Dir - straight line, f/p - quokka
Aim: a quokka (heavily wounded, chance to affect: 85%)
The quokka writhes in agony.
You kill the quokka!
The jackal barks!
The endoplasm quivers.
The ball python hisses angrily.
A jackal comes into view.
Casting: Pain (safe; 3% risk of failure)
Confirm with . or Enter, or press ? or * to list all spells.
Aiming: Pain (safe; 3% risk of failure)
Press: ? - help, Shift-Dir - straight line, f - giant cockroach
Aim: a giant cockroach (chance to affect: 85%)
The giant cockroach writhes in agony.
The jackal barks!
The giant cockroach misses you. The giant cockroach bites you.
The jackal bites you but does no damage.
You hit the jackal but do no damage. The jackal bites you. x2
The jackal closely misses you. The jackal closely misses you.
You hit the jackal but do no damage. The jackal bites you.
* * * LOW HITPOINT WARNING * * *
You hit the jackal.
The jackal is moderately wounded.
Casting: Pain (safe; 3% risk of failure)
Confirm with . or Enter, or press ? or * to list all spells.
Aiming: Pain (safe; 3% risk of failure)
Press: ? - help, Shift-Dir - straight line, f/p - giant cockroach
Aim: a giant cockroach (moderately wounded, chance to affect: 85%)
The jackal writhes in agony.
The jackal bites you.
You die...

###.. .. #.... .# ..
....#...#... ...
#...#..#..#...#.
.#..#..#.. ..#..
..#..#.#.#..#...
...#.#.#.#.#... .
..#@#.#.#.. #.. ..
#.#hh.#.##... .#
....#.hB..#..... ..#
###...<...######..+ .
....#.....#.......# ..
..##.#...#.##.....#...
# ..#.#.#.#..##.......
...#.#.#.#.#...#......
..#..#.#.#..#...$.†...


You could see 3 jackals and a giant cockroach.

Vanquished Creatures
  A quokka (D:1)
1 creature vanquished.

Notes
Turn   | Place    | Note
-------+----------+-------------------------------------------
     0 | D:1      | elagabalus the Demonspawn Necromancer began the quest for
                  | the Orb.
     0 | D:1      | Reached XP level 1. HP: 13/13 MP: 3/3
    22 | D:1      | Slain by a jackal

Illustrated notes

Levels and vault maps discovered:
D:1:      minmay_arrival_radiant_lines, layout_basic

Action                   || total
-------------------------++-------
Melee: Unarmed           ||     3
 Cast: Pain              ||     4
Armor: Robe              ||     1
Dodge: Dodged            ||     3

Table legend: (Time is in decaauts)
 A = Elapsed time spent in this place.
 B = Non-inter-level travel time spent in this place.
 C = Inter-level travel time spent in this place.
 D = Time resting spent in this place.
 E = Time spent auto-exploring this place.
 F = Levels seen in this place.
 G = Mean time per level.
                   A        B        C        D        E       F      G
               +--------+--------+--------+--------+--------+-----+--------+
         Total |     22 |     19 |      3 |      0 |      0 |   1 |   22.0 |
       Dungeon |     22 |     19 |      3 |      0 |      0 |   1 |   22.0 |
               +--------+--------+--------+--------+--------+-----+--------+

Top non-repeatable levels by time:
     D:1: 22 daAuts
